[Event "Czech Open Rapid G1 2024"]
[Site "Pardubice"]
[Date "2024.07.18"]
[Round "7.34"]
[White "Levytskyi, Liubomyr"]
[Black "Brotanek, Tomas"]
[Result "0-1"]
[Annotator "NA RC"]
[ECO "B12"]
[WhiteElo "1717"]
[BlackElo "1674"]
[PlyCount "80"]
[EventDate "2024.07.16"]
[EventType "swiss"]
[EventCountry "CZE"]
[SourceTitle "playchess.com"]
[Source "ChessBase"]
[SourceQuality "1"]
[TimeControl "1200+10"]

1. e4 c6 2. d4 d5 3. f3 dxe4 4. fxe4 e5 5. Nf3 exd4 6. Bc4 f6 7. O-O Bc5 8. Kh1 Bg4 9. Nbd2 Nd7 10. Nb3 b5 11. Be2 Bxf3 12. Bxf3 Bb6 13. Nxd4 Bxd4 14. Qxd4 Ne5 15. Qc3 Ne7 16. Bf4 N7g6 17. Bh5 Qc7 18. Qh3 Qd7 19. Qg3 O-O 20. Rad1 Qe6 21. b3 Rad8 22. Be3 Qe7 23. Qf2 Rxd1 24. Rxd1 Ra8 25. Bc5 Qc7 26. Rd6 a5 27. Qd2 a4 28. h3 axb3 29. axb3 Ra1+ 30. Bg1 Qb6 31. Qd4 Qxd4 32. Rxd4 h6 33. Rd6 Nf4 34. Rd1 Ra2 35. Be8 Rxc2 36. b4 Nxg2 37. Bc5 Nf4 38. Rd8 Kh7 39. Rc8 Nf3 40. Be3 Rh2# 0-1

[Event "Czech Open Rapid G1 2024"]
[Site "Pardubice"]
[Date "2024.07.18"]
[Round "7.35"]
[White "Park, Inchan"]
[Black "Jun, Rudolf"]
[Result "1-0"]
[Annotator "RC"]
[ECO "A15"]
[WhiteElo "1856"]
[BlackElo "2232"]
[PlyCount "149"]
[EventDate "2024.07.16"]
[EventType "swiss"]
[EventCountry "CZE"]
[SourceTitle "playchess.com"]
[Source "ChessBase"]
[SourceQuality "1"]
[TimeControl "1200+10"]

1. d4 Nf6 2. Nf3 b6 3. g3 Bb7 4. Bg2 g6 5. O-O Bg7 6. b3 O-O 7. Bb2 d6 8. c4 Nbd7 9. Nbd2 Re8 10. Re1 h6 11. d5 a5 12. Qc2 Nc5 13. Nd4 Rb8 14. f4 Ng4 15. e4 e5 16. dxe6 fxe6 17. h3 Nf6 18. e5 dxe5 19. fxe5 Nfd7 20. Qxg6 Bxg2 21. Kxg2 Qg5 22. Qxg5 hxg5 23. Nc6 Ra8 24. Re3 Rf8 25. Ne4 Nxe4 26. Rxe4 Nc5 27. Rg4 a4 28. b4 a3 29. Bd4 Nd3 30. Rf1 Rxf1 31. Kxf1 Rf8+ 32. Kg2 Nc1 33. c5 b5 34. Be3 Nxa2 35. Bd2 Ra8 36. Rxg5 Kf7 37. Rg4 Ra6 38. Nb8 Ra8 39. Nc6 Ra6 40. Nb8 Ra4 41. Nc6 Ra6 42. Nb8 Ra8 43. Nc6 Kf8 44. Re4 Ke8 45. g4 Kf7 46. h4 Ra6 47. Nd4 Ra8 48. Nc6 Ra6 49. Nd4 Ra8 50. Nxb5 Rd8 51. Rd4 Rxd4 52. Nxd4 Bxe5 53. Nc2 Bb2 54. b5 Nc1 55. b6 cxb6 56. cxb6 Nb3 57. Bb4 a2 58. b7 Be5 59. Bc3 Bd6 60. h5 e5 61. g5 Bc7 62. Kf3 Nc5 63. Kg4 Nxb7 64. g6+ Kf6 65. Nb4 Ba5 66. Nxa2 Bd8 67. Nb4 Nc5 68. Nc6 Bc7 69. Bxe5+ Bxe5 70. Nxe5 Ne4 71. Nd7+ Ke7 72. g7 Kf7 73. h6 Kg8 74. Kf5 Ng3+ 75. Kg6 1-0

[Event "Czech Open Rapid G1 2024"]
[Site "Pardubice"]
[Date "2024.07.18"]
[Round "7.36"]
[White "Alexikov, Alexander"]
[Black "Soucek, Andrej"]
[Result "1-0"]
[Annotator "RC"]
[ECO "B67"]
[WhiteElo "2183"]
[BlackElo "1889"]
[PlyCount "121"]
[EventDate "2024.07.16"]
[EventType "swiss"]
[EventCountry "CZE"]
[SourceTitle "playchess.com"]
[Source "ChessBase"]
[SourceQuality "1"]
[TimeControl "1200+10"]

1. e4 c5 2. Nf3 d6 3. d4 cxd4 4. Nxd4 Nf6 5. Nc3 Nc6 6. Bg5 e6 7. Qd2 a6 8. O-O-O Bd7 9. f4 b5 10. Qe1 Rc8 11. Nxc6 Rxc6 12. Nd5 h6 13. Bh4 Be7 14. Nxe7 Qxe7 15. Kb1 e5 16. f5 Rc8 17. Qa5 d5 18. Bd3 Qd6 19. Rhe1 O-O 20. c3 Bc6 21. Bc2 Bb7 22. Bb3 d4 23. Bg3 Bxe4+ 24. Ka1 Qc6 25. Bxe5 Bxf5 26. Bxd4 Bg6 27. Rd2 Rfe8 28. Rf1 Ne4 29. Rdd1 Nc5 30. Bxc5 Qxc5 31. Qxa6 Rc6 32. Qb7 Re7 33. Qb8+ Rc8 34. Qf4 Ra8 35. Rd5 Qa7 36. Qd2 Rae8 37. Rd8 Qc7 38. Rxe8+ Rxe8 39. h3 Qe5 40. a3 Re7 41. Ka2 Kh7 42. Rf4 Qe1 43. Qxe1 Rxe1 44. Bxf7 Re2 45. Bxg6+ Kxg6 46. Rg4+ Kf6 47. h4 g6 48. g3 Kf5 49. Rf4+ Ke5 50. Rb4 Rg2 51. g4 Rg3 52. Rxb5+ Kf4 53. Rb4+ Kf3 54. a4 Rg1 55. a5 Rd1 56. Rd4 Re1 57. b4 Kg3 58. g5 hxg5 59. hxg5 Re5 60. a6 Re6 61. b5 1-0

[Event "Czech Open Rapid G1 2024"]
[Site "Pardubice"]
[Date "2024.07.18"]
[Round "8.1"]
[White "Movsesian, Sergei"]
[Black "Karvatskyi, Oleksii"]
[Result "1-0"]
[Annotator "TA"]
[ECO "B53"]
[WhiteElo "2618"]
[BlackElo "1990"]
[PlyCount "93"]
[EventDate "2024.07.16"]
[EventType "swiss"]
[EventCountry "CZE"]
[SourceTitle "playchess.com"]
[Source "ChessBase"]
[SourceQuality "1"]
[TimeControl "1200+10"]

1. e4 c5 2. Nc3 Nc6 3. Nf3 d6 4. Bb5 Bd7 5. Bxc6 Bxc6 6. d4 cxd4 7. Qxd4 e5 8. Qd3 h6 9. O-O (9. Nd2 $5) 9... Nf6 10. Rd1 Be7 11. Nd2 d5 {[%emt 0:00:30] Prevents Nc4. The position is equal.} 12. Qg3 {[%emt 0:01:15][%csl LRe5,LRg7] [#] Strongly threatening exd5.} d4 (12... Nxe4 $2 13. Ndxe4 (13. Qxe5 Nxd2 14. Bxd2 O-O $11) 13... Kf8 14. Qxe5 $18) 13. Nc4 Qc7 (13... Nxe4 $6 14. Nxe4 (14. Qxe5 Nxc3 15. bxc3 O-O $11) 14... Bxe4 15. Nxe5 $16 (15. Qxg7 Bf6 $11) (15. Qxe5 Qd5 $16)) (13... O-O $14) 14. Rxd4 $18 (14. Qxg7 $2 Rg8 15. Qxh6 O-O-O $19 (15... dxc3 $2 16. b3 $19)) 14... exd4 $2 (14... O-O 15. Qxe5 (15. Nxe5 $2 Nh5 $19) 15... Rfc8 16. Qxc7 Rxc7) 15. Qxc7 dxc3 16. Nd6+ Kf8 17. Nf5 (17. Nxb7 Bxe4 18. f3 (18. bxc3 Ne8 $14) 18... Ne8 $18) 17... Bd8 18. Qd6+ Kg8 19. Qg3 {[%emt 0:00:02][%csl Gf5][%cal Rg3g7] [#]} ({Much less strong is} 19. bxc3 $6 Bxe4 20. Ne3 Kh7 $18) 19... g5 (19... g6 $142) 20. Qxc3 Bxe4 21. Ng3 {[%emt 0:00:03] Black must now prevent Nxe4.} Bg6 22. Bd2 Kh7 23. Re1 Re8 24. Rxe8 Nxe8 25. Qb4 Bb6 26. h4 {[%emt 0:00:21] Hoping for h5.} Rd8 27. hxg5 hxg5 28. Nf1 ({Don't take} 28. Bxg5 Rd5 29. Qh4+ Kg8) 28... Ng7 29. Qg4 Ne6 30. Be3 Bxc2 31. Bxb6 ({Don't play} 31. Bxg5 Nxg5 32. Qxg5 Bg6) 31... axb6 32. Ne3 Bg6 33. Qb4 Kg7 34. Qxb6 Bd3 (34... Rd7 $142 35. Qb5 Rd8 36. Qxb7 Rd6) 35. Qxb7 Nd4 36. f3 Ne2+ 37. Kf2 Nf4 38. Qe7 Ne6 39. Ng4 {[%emt 0:00:10] And now Qf6+ would win.} Bg6 40. Qf6+ Kh7 41. Ne5 Rd2+ 42. Ke3 {[%emt 0:00:53] Intending Nxg6 and mate.} Rd6 43. Nxf7 Bxf7 44. Qxf7+ Kh6 45. Qf6+ Kh7 46. Kf2 {[%emt 0:00:31] Qe7+ would kill now.} Rd2+ 47. Ke1 {[%emt 0:00:04] Black did not feel at home in the position after the opening.   Weighted Error Value: White=0.20 (precise) /Black=0.52.  Mistake:       	---       	Black=4      Inaccurate:     	White=1     	---        OK:         	White=12    	Black=6      Best:        	White=4     	Black=2} 1-0

[Event "Czech Open Rapid G1 2024"]
[Site "Pardubice"]
[Date "2024.07.18"]
[Round "8.2"]
[White "Kulon, Klaudia"]
[Black "Nisipeanu, Liviu-Dieter"]
[Result "0-1"]
[Annotator "TA"]
[ECO "E71"]
[WhiteElo "2380"]
[BlackElo "2583"]
[PlyCount "70"]
[EventDate "2024.07.16"]
[EventType "swiss"]
[EventCountry "CZE"]
[SourceTitle "playchess.com"]
[Source "ChessBase"]
[SourceQuality "1"]
[TimeControl "1200+10"]

1. c4 Nf6 2. Nc3 g6 3. e4 d6 4. d4 Bg7 5. h3 O-O 6. Be3 e5 7. d5 a5 8. g4 {[%emt 0:00:10] E71: Königsindisch (5.h3).} Na6 9. Qd2 Nc5 10. f3 Bd7 11. Nge2 c6 12. Ng3 (12. dxc6 $16 bxc6 13. Qxd6 Nb7) 12... a4 13. h4 cxd5 14. cxd5 Qa5 $1 15. h5 Rac8 $5 {[%emt 0:00:41][%mdl 4] Eine vielversprechende Nebenvariante.} (15... b5 $1 $14) 16. h6 $18 Bh8 17. Nf5 $1 Bxf5 (17... gxf5 $2 18. Bxc5 (18. gxf5 Rfd8 $17) 18... f4 19. Bxd6 $18) 18. gxf5 a3 (18... Rfd8 $16 19. fxg6 fxg6) 19. b4 $18 Qxb4 20. Rb1 $1 Qa5 (20... Nd3+ $16 {ist eine bessere Verteidigung.} 21. Bxd3 Qxc3 22. Qxc3 (22. Rxb7 Qxd2+ 23. Kxd2 Rb8 $18) 22... Rxc3) 21. Nb5 Qd8 22. fxg6 (22. Bh3 Nfxe4 23. fxg6 (23. fxe4 Qh4+ 24. Kd1 Qxe4 $11) 23... fxg6 (23... Nxd2 $2 24. gxh7+ Kxh7 25. Bf5+ Kg8 26. Rg1+ $18) 24. fxe4 Qh4+ 25. Ke2 Qh5+ 26. Ke1 Qf3 $11) (22. Bg5 $142) 22... fxg6 $16 23. Bh3 $146 (23. Nxa3 Nh5 24. Bg2 Bf6 $11) (23. Rc1 $14 {behält die Oberhand.} Qb6 24. Nxa3) ({Predecessor:} 23. Bg5 Ra8 24. Bh3 Qe7 25. O-O Ra6 26. Rfc1 Re8 27. Qe3 b6 28. Bf1 Ra5 29. Nxa3 {1-0 Chapman,T (2204)-Luciani,C (2197) EU-ch Seniors 65 22nd 2023 (7)}) 23... Nfxe4 $1 $17 24. fxe4 Qh4+ 25. Ke2 Qxe4 $2 (25... Qh5+ $19 26. Ke1 Qf3) 26. Rbf1 $1 $11 Qc4+ 27. Kd1 Qxb5 28. Bxc5 $1 Rfe8 (28... Qa4+ $11 {hält das Gleichgewicht.} 29. Ke1 Qe4+ (29... Rxc5 30. Be6+) (29... Rxf1+ $2 30. Rxf1 Qe4+ 31. Qe3 $18) 30. Qe2 (30. Be3 Rxf1+ 31. Rxf1 Qh4+ 32. Qf2 Qb4+ 33. Qd2 Qh4+ 34. Qf2 Qb4+ 35. Kd1 Qb1+ 36. Ke2 Qb5+ 37. Kd1 Qb1+ 38. Ke2 Qb5+ 39. Ke1 Qb1+ 40. Ke2 $11) 30... Qb1+ (30... Qxd5 31. Bxc8 Rxc8 32. Be3 $16) 31. Qd1 Qe4+ (31... Qxa2 32. Be6+) 32. Qe2 Qb1+ (32... Qxd5 $2 33. Bxc8 Rxc8 34. Bxa3 $16) (32... Qxe2+ 33. Kxe2 Rce8 34. Bxd6 $18) 33. Qd1 Qe4+ (33... Qxa2 34. Be6+) 34. Qe2) 29. Bxc8 (29. Bxa3 $2 e4 (29... Qa4+ $2 30. Ke1 $19) 30. Bxc8 (30. Bxd6 $2 e3 $19) 30... e3 31. Be6+ Rxe6 32. dxe6 (32. Qe2 $2 Qb1+ 33. Bc1 Re4 $19) 32... exd2 $19) (29. Bxd6 $16 e4 30. Be6+ (30. Bxa3 $2 e3 $19) (30. Bxc8 Rxc8 31. Bb4 Re8 $11) 30... Rxe6 31. dxe6) 29... Rxc8 $14 30. Bxd6 (30. Bxa3 $2 Qa4+ 31. Ke1 Qxa3 $19) 30... Qb1+ $2 (30... Qa4+ $14 31. Ke1 Qe4+ 32. Kf2 Rc2) 31. Ke2 $18 Qe4+ 32. Qe3 $1 (32. Kf2 Rc2 33. Kg3 Bg7 $18) 32... Qc2+ {[%emt 0:01:26] [#]} (32... Rc2+ $2 33. Kd1) 33. Ke1 $1 (33. Kf3 Rc3 $11 (33... Qxa2 $2 34. Kg3 $18) (33... Qxa2 $2 34. Kg3 $18)) 33... e4 {[%emt 0:00:02] [#]} 34. Rh3 $1 (34. Bxa3 Bc3+ (34... Qxa2 $2 35. Rh3 $18) (34... Qxa2 $2 35. Rh3 $18)) 34... Qxa2 ({Aber nicht} 34... Bc3+ $2 35. Qxc3 Qb1+ 36. Ke2 (36. Kf2 Rxc3 37. Rxc3 Qxf1+ 38. Kxf1 Kf7 39. Bxa3 b5 40. d6 Ke6) 36... Qxa2+ 37. Qd2 Qc4+ 38. Kf2) (34... Qb1+ $142 35. Kf2 Qxa2+ 36. Kg3 (36. Kg1 Qxd5 37. Qf4 Bd4+ 38. Kh2 Qf5 $18) 36... Qxd5) 35. Qxe4 $4 (35. Qf4 $18 Qa1+ 36. Kf2) 35... Rc1# 0-1

[Event "Czech Open Rapid G1 2024"]
[Site "Pardubice"]
[Date "2024.07.18"]
[Round "8.3"]
[White "Navara, David"]
[Black "Stocek, Jiri"]
[Result "1-0"]
[Annotator "TA"]
[ECO "E10"]
[WhiteElo "2682"]
[BlackElo "2524"]
[PlyCount "129"]
[EventDate "2024.07.16"]
[EventType "swiss"]
[EventCountry "CZE"]
[SourceTitle "playchess.com"]
[Source "ChessBase"]
[SourceQuality "1"]
[TimeControl "1200+10"]

1. d4 Nf6 2. c4 e6 3. Nf3 h6 4. g3 Bb4+ 5. Nbd2 b6 6. Bg2 {[%emt 0:00:16] E10: Blumenfeld Gambit.} Bb7 7. a3 Bxd2+ 8. Qxd2 O-O 9. O-O Be4 10. b3 d6 11. Bb2 Nbd7 12. Rfd1 Re8 13. Bf1 Qe7 14. Ne5 $146 ({Predecessor:} 14. Rac1 Rac8 15. Ne5 Nb8 16. Nd3 c5 17. dxc5 bxc5 18. b4 Nbd7 19. Nf4 e5 20. Ng2 {1-0 Navara,D (2678)-Stocek,J (2531) CZE-ch Ostrava 2024 (6)}) 14... dxe5 15. dxe5 Nxe5 16. Bxe5 Rad8 17. Qb2 Rxd1 18. Rxd1 Ng4 19. Bc3 e5 20. Bh3 h5 21. b4 Qf6 22. Be1 Bb7 23. Qc3 Qg6 24. Qd3 Be4 25. Qd7 Bc6 26. Qd3 Be4 27. Qd2 Bb7 28. f3 b5 29. e4 bxc4 30. fxg4 hxg4 31. Bg2 Bxe4 32. Bf2 Bxg2 33. Kxg2 Qe4+ 34. Kg1 Qf3 35. Rc1 Qxa3 36. Rxc4 e4 37. Qe3 (37. Rxc7 e3 38. Bxe3 Qxe3+ (38... Rxe3 $2 39. Qd8+ Kh7 40. Qh4+ Kg6 41. Qxg4+ Kh6 42. Qf4+ Kh7 43. Qxf7 $18) 39. Qxe3 Rxe3 $11) 37... Qa2 38. Rxc7 (38. Rxe4 $2 Qb1+ 39. Qe1 Qxe4 $19) 38... Qb1+ (38... a5 $142 39. bxa5 Qxa5) 39. Qe1 Qb3 40. Be3 (40. Rxa7 e3 41. Ra1 (41. Kf1 $2 Re6 $19) 41... exf2+ 42. Qxf2 Qxb4 $17) 40... Rd8 41. Rc1 (41. Rxa7 $2 Rd1 42. Bf2 Qb1 $19 (42... Rxe1+ $2 43. Bxe1 Qd1 44. Ra8+ Kh7 45. Kf1 $19) (42... e3 $2 43. Re7 $19) (42... Rxe1+ $2 43. Bxe1 Qd1 44. Kf1 $19) (42... e3 $2 43. Re7 $19)) 41... a6 42. Bc5 Qb2 (42... Qf3 $16 43. Qf2 Qd3) 43. Rd1 $18 Re8 (43... Rxd1 $142 44. Qxd1 Qe5 45. Qd8+ (45. Qxg4 a5 $16) 45... Kh7 46. Qh4+ Kg8 47. Qxg4 a5 48. Qc8+ Kh7) 44. Qe3 Qa2 45. Re1 Qc4 46. Qd4 Qb3 47. Qe3 (47. Rxe4 $2 {too greedy.} Qb1+ 48. Kf2 Rxe4 $19 (48... Qxe4 $2 49. Qxe4 Rxe4 50. Kg1 $19)) 47... Qc4 $1 48. Qe2 Qe6 (48... Qc3 $142 49. Qe3 Qc4) 49. Ra1 $18 Ra8 50. Be3 Qb3 (50... Qc6 {was necessary.} 51. Rc1 (51. Qxg4 $2 Qc3 $17) 51... Qg6) 51. b5 $18 (51. Rxa6 Rxa6 52. Qxa6 Qxe3+ 53. Kf1 Qf3+ 54. Ke1 e3 55. Qc8+ Kh7 56. Qc2+ g6 $19) 51... a5 52. b6 a4 53. Bf2 Re8 $2 (53... a3 54. Qxe4 Rd8) 54. Qe3 $18 Qb5 55. Qd4 Qg5 56. Be3 Qf5 57. Qxa4 Rd8 58. Qc2 Qf3 59. Qf2 Rd1+ 60. Rxd1 Qxd1+ 61. Kg2 Qb3 62. Qd2 f6 63. Bf2 Qf3+ 64. Kg1 Qb3 65. Qd7 1-0

[Event "Czech Open Rapid G1 2024"]
[Site "Pardubice"]
[Date "2024.07.18"]
[Round "8.4"]
[White "Dobrowolski, Piotr"]
[Black "Pulpan, Jakub"]
[Result "0-1"]
[Annotator "RC"]
[ECO "C84"]
[WhiteElo "2412"]
[BlackElo "2383"]
[PlyCount "96"]
[EventDate "2024.07.16"]
[EventType "swiss"]
[EventCountry "CZE"]
[SourceTitle "playchess.com"]
[Source "ChessBase"]
[SourceQuality "1"]
[TimeControl "1200+10"]

1. e4 e5 2. Nf3 Nc6 3. Bb5 a6 4. Ba4 Nf6 5. O-O Nxe4 6. d4 Be7 7. Re1 b5 8. d5 Nc5 9. Bb3 Nxb3 10. axb3 Nb8 11. Nxe5 d6 12. Nf3 O-O 13. Nd4 Bb7 14. c4 bxc4 15. bxc4 Nd7 16. Nc3 Bf6 17. Be3 Re8 18. h3 Be5 19. Qc2 Qh4 20. Nf3 Qf6 21. Bg5 Qg6 22. Qxg6 hxg6 23. Nxe5 Nxe5 24. b3 f6 25. Be3 g5 26. Bd4 Nd3 27. Rxe8+ Rxe8 28. Rd1 Nb4 29. Kf1 Bc8 30. g4 Bd7 31. Rd2 Kf7 32. Nd1 a5 33. Bc3 Rb8 34. Ne3 g6 35. Bxb4 Rxb4 36. Ra2 a4 37. bxa4 Bxa4 38. Ke1 f5 39. gxf5 gxf5 40. Kd2 f4 41. Nd1 Bxd1 42. Kxd1 Rxc4 43. Ke2 Rc5 44. Ra7 Kf6 45. Kf3 Kf5 46. Rb7 Rc3+ 47. Kg2 Ke4 48. Rb8 Rc5 0-1

[Event "Czech Open Rapid G1 2024"]
[Site "Pardubice"]
[Date "2024.07.18"]
[Round "8.5"]
[White "Burdalev, Kirill"]
[Black "Neuman, Petr"]
[Result "1/2-1/2"]
[Annotator "TA"]
[ECO "E94"]
[WhiteElo "2348"]
[BlackElo "2441"]
[PlyCount "94"]
[EventDate "2024.07.16"]
[EventType "swiss"]
[EventCountry "CZE"]
[SourceTitle "playchess.com"]
[Source "ChessBase"]
[SourceQuality "1"]
[TimeControl "1200+10"]

1. d4 Nf6 2. c4 g6 3. Nc3 Bg7 4. e4 d6 5. Be2 O-O 6. Nf3 e5 7. Be3 Na6 8. O-O Ng4 9. Bg5 Qe8 10. dxe5 dxe5 11. h3 h6 12. Bd2 Nf6 13. Be3 Qe7 14. Qc2 c6 15. Rfd1 Nh5 16. Qc1 {[%emt 0:01:14] The position is equal.} Nf4 17. Bxf4 exf4 18. Qxf4 f5 19. Qd6 Qxd6 20. Rxd6 fxe4 21. Nxe4 Bxb2 (21... Bf5 22. Ng3 $16) 22. Rb1 Bg7 23. c5 $36 {[%emt 0:00:48][%mdl 2048] White is really pushing.} (23. Rxg6 Bf5 24. Rxg7+ Kxg7 25. Rxb7+ Kg8 (25... Rf7 26. Rxf7+ Kxf7 27. Nd6+ Kf6 28. Nxf5 $14)) 23... Nc7 24. Bc4+ ({Of course not} 24. Rxg6 $6 Bf5 25. Bc4+ Kh8 26. Rxg7 Kxg7 27. Rxb7 Bxe4 $14) 24... Kh7 25. Ng3 {[%emt 0:02:43] A dynamic duo of knights.} Ne8 26. Rd8 Bf6 (26... Nf6 $14 27. Rd6 Ne8) 27. Rd2 {[%emt 0:01:16] White is much more active.} Ng7 (27... h5 $16) 28. Ne4 $18 {[%emt 0:00:09] Hoping for Nxf6+.} Bd8 29. Nd6 {[%emt 0:00:07][%cal Od6c8] Nxc8! would now be deadly.} b6 30. Nxc8 Rxc8 {[%emt 0:00:01] Black is weak on the light squares} 31. cxb6 (31. Ba6 $16 Rc7 32. cxb6 axb6 33. Rxb6) 31... Bxb6 $14 32. Rd7 Rcd8 33. Rbd1 g5 34. Bd3+ Kh8 35. Be4 Rxd7 36. Rxd7 {[%emt 0:00:01][%cal Od7d6] Threatens to win with Rd6!} Rd8 37. Rxd8+ (37. Bxc6 Rxd7 38. Bxd7 Nh5 $16) 37... Bxd8 {[%emt 0:00:01][%mdl 4096] Endgame. KBN-KBN} 38. Ne5 {[%emt 0:00:25] Nf7+ is the strong threat.} Ne6 {[%emt 0:00:18] [#]} ({Black should try} 38... Kg8 $1 $14) 39. Nxc6 ({White should play} 39. Bf5 $1 $16 Nd4 40. Nf7+ Kg7 41. Nxd8 Nxf5 42. Nxc6) 39... Bb6 {[%emt 0:00:02] White is slightly better.} 40. Kf1 Kg7 41. g3 Kf6 42. Ke2 Nd4+ 43. Nxd4 Bxd4 44. f4 gxf4 45. gxf4 Bb6 46. Kf3 Bc7 47. Kg4 Bb8 {[%emt 0:00:02] Weighted Error Value: White=0.16 (very precise) /Black=0.15 (very precise) .  Mistake:       	White=2     	Black=3      Inaccurate:     	White=5     	Black=3      OK:         	White=12    	Black=17     Best:        	White=1     	Black=1} 1/2-1/2

[Event "Czech Open Rapid G1 2024"]
[Site "Pardubice"]
[Date "2024.07.18"]
[Round "8.6"]
[White "Kuegel, Tobias"]
[Black "Johansson, Linus"]
[Result "1/2-1/2"]
[Annotator "TA"]
[ECO "C10"]
[WhiteElo "2416"]
[BlackElo "2451"]
[PlyCount "112"]
[EventDate "2024.07.16"]
[EventType "swiss"]
[EventCountry "CZE"]
[SourceTitle "playchess.com"]
[Source "ChessBase"]
[SourceQuality "1"]
[TimeControl "1200+10"]

1. e4 e6 2. d4 d5 3. Nc3 Nf6 4. Bg5 dxe4 5. Nxe4 Nbd7 6. Nf3 h6 7. Nxf6+ Nxf6 8. Bh4 c5 9. Bb5+ Bd7 10. Bxd7+ Qxd7 11. O-O cxd4 12. Qxd4 Qxd4 13. Nxd4 {[%emt 0:00:02] Schwarz steht etwas besser.} O-O-O 14. Rad1 Bc5 15. Nb3 {[%emt 0:00:49] Die Stellung ist ausgeglichen.} Bb6 16. Bxf6 gxf6 17. Rfe1 f5 18. Kf1 h5 19. Nd2 Bd4 20. c3 Bf6 21. Nf3 Rhg8 22. g3 Kc7 23. Ke2 a6 24. Rxd8 Kxd8 $11 {[%emt 0:00:02][%mdl 4096] Endspiel. KRB-KRN} 25. Rd1+ Ke7 26. Nd4 h4 27. Nf3 Rg4 28. Rd3 hxg3 29. hxg3 Ra4 30. a3 Re4+ 31. Re3 Rc4 32. Ne5 Rc8 33. Nf3 b5 34. Rd3 Rc4 35. Re3 f4 36. gxf4 Rxf4 37. Ne5 Bxe5 38. Rxe5 {[%emt 0:00:03] KR-KR} Rh4 39. Rc5 Kd7 40. b4 Rh1 41. a4 bxa4 42. Ra5 Ra1 43. Rxa6 a3 {[%emt 0:00:01] [#] Droht stark ...a2.} 44. b5 a2 {[%emt 0:03:03] Weiss muss nun ...e5 beachten.} 45. c4 Kc8 46. c5 Rb1 47. Rxa2 Rxb5 48. Ra7 Rxc5 49. Rxf7 Kd8 50. f4 Ke8 51. Ra7 Rc3 52. Ra5 Ke7 53. f5 exf5 54. Rxf5 Rc6 55. Re5+ Re6 56. Rxe6+ Kxe6 {Eine ausgeglichene aber spannende Partie.   Gewichteter Fehlerwert: Weiß=0.03 (makellos) /Schwarz=0.03 (makellos) .  OK:         	Weiß=26    	Schwarz=17} 1/2-1/2

[Event "Czech Open Rapid G1 2024"]
[Site "Pardubice"]
[Date "2024.07.18"]
[Round "8.7"]
[White "Piesik, Piotr"]
[Black "Bouska, Jiri"]
[Result "1-0"]
[Annotator "TA"]
[ECO "A05"]
[WhiteElo "2415"]
[BlackElo "2222"]
[PlyCount "133"]
[EventDate "2024.07.16"]
[EventType "swiss"]
[EventCountry "CZE"]
[SourceTitle "playchess.com"]
[Source "ChessBase"]
[SourceQuality "1"]
[TimeControl "1200+10"]

1. Nf3 d5 2. g3 Nf6 3. Bg2 e6 4. O-O Be7 5. d3 c5 6. Nbd2 b5 7. e4 Bb7 8. Qe2 Nc6 9. Re1 a5 10. a4 {[%emt 0:00:12] The position is equal.} b4 11. b3 Qc7 12. Bb2 O-O 13. e5 (13. exd5 $11 Nxd5 14. Ne4) 13... Nd7 $15 14. h4 Rac8 15. h5 Rfd8 (15... h6 $15) 16. h6 $1 $11 g6 17. Qe3 Bf8 18. Qf4 Ba6 (18... Ne7 $11) 19. Nf1 {[%emt 0:01:07] White is more active.} (19. Ng5 $16 Nb6 20. Ndf3) 19... c4 20. dxc4 dxc4 21. Ng5 (21. bxc4 $11 Ne7 22. Ne3) 21... Ndb8 (21... Nc5 $1 $17 22. Bxc6 (22. bxc4 Bxh6 23. Qh4 Bxg5 $15) 22... cxb3 23. cxb3 Nd3) 22. Nh2 (22. bxc4 {simplifies} Bxh6 23. Qh4 Bxg5 24. Qxg5 Nd4 25. Ne3) 22... c3 $36 {[%emt 0:00:35][%mdl 2048] White is under pressure.} (22... Bxh6 23. Ng4 Bg7 24. bxc4 $14) 23. Bc1 {[%emt 0:00:01] And now Ng4 would win.} Nd4 (23... Bxh6 24. Qh4 Bxg5 25. Bxg5 $16) 24. Qe4 {[%emt 0:00:16] [#] Prevents Ne2+.} (24. Ng4 $11 {and White stays safe.} Nxc2 25. Nf6+ Kh8 26. Nfxh7) 24... Bb7 $1 $19 25. Qxb7 {[%emt 0:00:07] aiming for Ng4.} Nxc2 26. Bf4 Nxa1 27. Rxa1 Qxb7 (27... Bxh6 28. Ng4 Bg7 29. Qxc7 Rxc7 30. Kf1 $17) (27... c2 28. Rf1 Qxb7 (28... Bxh6 $2 29. Ng4 $19) 29. Bxb7 $19) 28. Bxb7 Rc7 (28... c2 $1 $19 29. Rf1 (29. Bxc8 $2 Rd1+ 30. Kg2 Rxa1 $19) 29... Rc3 (29... Rc7 $2 30. Bf3 $19)) 29. Bf3 $15 {[%emt 0:00:12] Inhibits Rd1+.} Nc6 30. Bxc6 (30. Ng4 $2 Nd4 31. Nf6+ Kh8 $19) 30... Rxc6 31. Ng4 $2 ({Better is} 31. Kf1 $1 $15 c2 (31... Bxh6 32. Ng4 $11) 32. Ke2 Bxh6 33. Nxe6 Bxf4 (33... fxe6 34. Bxh6 Rc3 35. Rc1 $17) (33... c1=Q $2 34. Rxc1 Rxe6 35. Bxh6 $18) 34. Nxd8) 31... Be7 $19 {[%emt 0:00:25] White must now prevent ...c2.} 32. Ne3 c2 33. Rc1 {[%emt 0:00:06] [#]} Bxg5 (33... Rd3 $1 $19 34. Nxc2 (34. Rxc2 $2 Rxc2 35. Nxc2 Rxb3 $19) 34... Rxb3 (34... Rdc3 $2 35. Ne4 $19)) 34. Bxg5 $17 Rd3 35. Kg2 {[%emt 0:01:41] [#]} (35. Rxc2 $2 Rxc2 36. Nxc2 Rxb3 $19) (35. Nxc2 Rc8 36. Be3 Rdc3) (35. Kf1 $15) 35... Rxb3 (35... Rc8 $1 $17 36. Rxc2 (36. Nxc2 $2 Rdc3 $19) 36... Rxc2 37. Nxc2 Rxb3) 36. Nxc2 $14 (36. Rxc2 $2 Rxc2 37. Nxc2 Rd3 $19) 36... Rd3 {[%emt 0:00:13] [#] Dodges Rd1. Black is now going downhill.} ({Black should try} 36... f6 $14 37. exf6 (37. Bxf6 g5 $17) 37... Rc5) 37. Nxb4 $1 $18 Rxc1 38. Nxd3 Rc4 (38... Rc3 $142 39. Nc1 Ra3) 39. Be7 {[%emt 0:01:33] Threatens to win with Nc5.} (39. Nb2 Re4 40. Kf3 Rxe5 $16) 39... Rxa4 40. Nc5 Rd4 41. Kf3 f5 {[%emt 0:00:22] Against Ne4} (41... Rc4 42. Ke3 a4) 42. exf6 ({Weaker is} 42. Nxe6 Re4 $18) 42... a4 43. Nxe6 Rd5 44. Kg4 (44. Nd8 $142 Rf5+ 45. Ke3 (45. Kg2 g5 $18) 45... Re5+ 46. Kd4 Rf5 47. f7+ Rxf7 48. Nxf7 Kxf7 49. Ba3) 44... Kf7 45. Ng5+ {[%emt 0:00:04] White mates.} Ke8 46. Ba3 Rd4+ 47. f4 Rd7 48. f7+ Rxf7 49. Nxf7 Kxf7 {[%emt 0:00:01] KB-K3P} 50. Kf3 Ke6 51. Ke4 Kf6 52. g4 Ke6 53. Kd4 Kf6 54. Bb2 Ke6 55. Kc4 Kf7 56. f5 a3 57. Ba1 gxf5 58. gxf5 {[%emt 0:00:01] KB-KPP} Ke7 59. Kb3 Kd6 60. Kxa3 {[%emt 0:00:02] KB-KP} Kd5 61. Kb4 Kd6 62. Kc4 Kd7 63. Kd5 Ke7 64. Ke5 Kf7 65. Kd6 Kg8 66. Ke6 Kf8 67. f6 {[%emt 0:00:02] Weighted Error Value: White=0.28 (precise) /Black=0.59.  Loses game:     	White=2     	---        Missed win:     	---       	Black=1      Mistake:       	White=4     	Black=8      Inaccurate:     	White=2     	Black=2      OK:         	White=10    	Black=9      Best:        	White=4     	Black=5      Strong:       	White=1     	---        Brilliant:      	White=1     	Black=1} 1-0